cohdb
Replays
Latest Replays
All Replays
Popular Replays
Top Player Replays
Match Explorer
How It Works
Community
CoH3 Stats
Reddit
Sign in to upload your games and track your stats! →
Sign in with Steam
Match 41703352
Unlisted
Match 41703352
Overview
Messages
Build Orders
End
Kettenkrad Recon Vehicle
Construct Infanterie Kompanie
Selects Terror Battlegroup
Selects Machine Gun Camouflage
MG 42 Machine Gun Team
MG 42 Machine Gun Team
GrW 34 Mortar Team
Grenadier Squad
Construct Panzergrenadier Kompanie
Panzergrenadier Squad
Panzergrenadier Squad
Selects Contempt for the Weak
Pak 40 Anti-tank Gun Team
Medical Station
Pak 40 Anti-tank Gun Team
Construct Panzer Kompanie
Selects No Quarter
Disarmed
Unsafe
Zyaire
234674425
0
0
Comments
sign in to comment!
No comments posted yet!